 Dungeon Crawl Stone Soup version 0.27-a0-1324-ge0d8e047f6 (webtiles) character file.

Game seed: 9283825036871860764

372 Froggeryz the Cutter (level 6, -2/63 HPs)
             Began as an Octopode Berserker on June 23, 2021.
             Was a Believer of Trog.
             Slain by a gnoll (6 damage)
             ... on level 4 of the Dungeon.
             The game lasted 00:03:23 (3847 turns).

Froggeryz the Cutter (Octopode Berserker)           Turns: 3847, Time: 00:03:23

Health: -2/63      AC:  1    Str: 16    XL:     6   Next: 71%
Magic:  6/6        EV: 14    Int: 15    God:    Trog [**....]
Gold:   94         SH:  0    Dex: 14    Spells: 5/5 levels left

rFire    . . .     SeeInvis +   k - +4 dagger (freeze)
rCold    . . .     Faith    .   (no shield)
rNeg     . . .     Spirit   .   (helmet restricted)
rPois    .         Reflect  .   d - amulet of magic regeneration
rElec    .         Harm     .   f - ring of see invisible
rCorr    .         Rampage  .   j - +6 ring of intelligence
Will     .....                  (no ring)
Stlth    ..........             (no ring)
HPRegen  0.20/turn              (no ring)
MPRegen  0.35/turn              (no ring)
                                (no ring)
                                (no ring)

@: berserking (expiring), very quick
A: almost no armour, amphibious, 8 rings, camouflage 1, gelatinous body 1,
(nimble swimmer 1), tentacles
a: Renounce Religion, Berserk, Trog's Hand


You were on level 4 of the Dungeon.
You worshipped Trog.
Trog was pleased with you.
You visited 1 branch of the dungeon, and saw 4 of its levels.

You collected 94 gold pieces.

Inventory:

Hand Weapons
 a - a +0 short sword
 k - a +4 dagger of freezing (weapon)
Missiles
 c - 7 curare-tipped darts
 l - a throwing net
Jewellery
 d - an amulet of magic regeneration (around mantle)
 f - a ring of see invisible (left tentacle)
 j - a +6 ring of intelligence (right tentacle)
Wands
 b - a wand of digging (6)
Scrolls
 e - a scroll of magic mapping
 h - a scroll of amnesia {unknown}
Potions
 g - 4 potions of curing
 i - 2 potions of lignification


   Skills:
 - Level 3.0 Fighting
 * Level 6.2 Short Blades
 - Level 3.0 Dodging
 + Level 5.2 Stealth


You had 5 spell levels left.
You didn't know any spells.
Your spell library was empty.

Dungeon Overview and Level Annotations

Branches:
Dungeon (4/15)             Temple (0/1) D:4

Altars:


Innate Abilities, Weirdness & Mutations

You cannot wear most types of armour.
You are amphibious.
You can wear up to eight rings at the same time.
Your skin changes colour to match your surroundings (Stealth+).
Your rubbery body absorbs attacks. (AC +1, EV +1)
((You are camouflaged near water. (Stealth+)))
You have tentacles for arms and can constrict up to eight enemies at once.


Message History

Found a scroll labelled FIQYOZXABE.
You hit the gnoll. You freeze the gnoll. You grab the gnoll.
The gnoll is moderately wounded.
You constrict the gnoll, but do no damage.
The gnoll barely misses you.
The gnoll hits the bush but does no damage.
You hit the gnoll. You freeze the gnoll.
The gnoll is almost dead.
You constrict the gnoll, but do no damage.
The gnoll hits you with a +0 club!
The gnoll hits the bush with a +0 spear.
The gnoll closely misses you.
You release your grip on the gnoll.
The gnoll hits you with a +0 spear!
Things that are here:
a +0 whip; 11 gold pieces You hit the gnoll.
You freeze the gnoll. Your grab misses the gnoll.
The gnoll is lightly wounded.
A red film seems to cover your vision as you go berserk!
You feel yourself moving faster!
You feel mighty! The gnoll hits you with a +0 club.
The gnoll hits you with a +0 spear!
* * * LOW HITPOINT WARNING * * *
You hit the gnoll. You freeze the gnoll. Your grab misses the gnoll.
The gnoll is heavily wounded.
The gnoll hits you with a +0 club!
* * * LOW HITPOINT WARNING * * *
The gnoll closely misses you.
You hit the gnoll. You freeze the gnoll.
You kill the gnoll!
Trog accepts your kill. The gnoll barely misses you.
Things that are here:
a +0 whip; 11 gold pieces You puncture the gnoll!
You freeze the gnoll.
You kill the gnoll!
Trog accepts your kill. The gnoll barely misses you.
You feel a strong urge to attack something.
You barely miss the gnoll. Your grab misses the gnoll.
Your squeeze misses the gnoll. The gnoll hits you with a +0 spear.
You die...

#############
####...........###
##................#
#...))............#
#.@)PPP..?PPP.....#
#.gP..P...P..P....#
#..P..P...PP♣P.....
#..PPPP...PPPP.....
#..................
#.......8..........
#...?.............#
#..PPPP...PPPPg..##
Pg..PP.P..#.#


You could see a gnoll.

Vanquished Creatures
  A scorpion (D:4)
  A hound (D:4)
  2 jellies
  2 orc wizards (D:3)
  4 adders
  4 gnolls
  3 worms (D:2)
  2 dart slugs
  7 orcs
  12 ball pythons
  2 endoplasms
  2 giant cockroaches (D:1)
  3 goblins
  7 hobgoblins
  8 jackals (D:2)
  2 kobolds
  5 quokkas
  9 bats
  2 frilled lizards
  2 rats (D:1)
80 creatures vanquished.

Notes
Turn   | Place    | Note
-------+----------+-------------------------------------------
     0 | D:1      | Froggeryz the Octopode Berserker began the quest for the
                  | Orb.
     0 | D:1      | Reached XP level 1. HP: 16/16 MP: 1/1
    72 | D:1      | Reached skill level 1 in Stealth
    72 | D:1      | Reached XP level 2. HP: 12/21 MP: 2/2
   461 | D:1      | Reached XP level 3. HP: 26/26 MP: 3/3
  1148 | D:2      | Reached skill level 4 in Short Blades
  1464 | D:2      | Reached XP level 4. HP: 6/31 MP: 4/4
  1471 | D:2      | Reached ** piety under Trog
  1978 | D:2      | Found a faded altar of an unknown god.
  2522 | D:3      | Reached XP level 5. HP: 36/36 MP: 5/5
  2851 | D:3      | Reached skill level 5 in Short Blades
  3463 | D:4      | Noticed an ogre
  3626 | D:4      | Found a staircase to the Ecumenical Temple.
  3665 | D:4      | Reached XP level 6. HP: 42/42 MP: 6/6
  3682 | D:4      | Reached skill level 6 in Short Blades
  3792 | D:4      | Reached skill level 5 in Stealth
  3840 | D:4      | HP: 3/63 [gnoll (8)]
  3847 | D:4      | Slain by a gnoll

Illustrated notes

Levels and vault maps discovered:
D:1:      sevenhm_arrival_forest_fort_large_2, layout_rooms
D:2:      layout_basic, shapermc_ecumenical_altar_mp_vishouse, st_stairs_4,
          minmay_tall_x
D:3:      layout_loops_corners, minmay_fountain_box,
          amcnicky_mini_corridor_feature
D:4:      layout_cave_pools, minmay_temple_entry_drinking_statues,
          portal_sewer_entry_b, serial_park, serial_park_square2,
          serial_park_square2, uniq_robin

Skill      XL: |  1  2  3  4  5  6 |
---------------+-------------------+-----
Stealth        | 1 2 3 4 5 |  5.2
Short Blades   | 4 5 6 |  6.2
Fighting       | |  3.0
Dodging        | |  3.0

Action                   |  1- 3 |  4- 6 || total
-------------------------+-------+-------++-------
Melee: Short sword       |    88 |    19 ||   107
       Constrict         |    22 |    15 ||    37
       Tentacles         |     9 |    15 ||    24
       Dagger            |       |    69 ||    69
Invok: Berserk           |       |     2 ||     2
  Use: Scroll            |       |     3 ||     3
       Potion            |       |     1 ||     1
 Stab: Sleeping          |     3 |     7 ||    10
Armor: Skin              |     6 |     2 ||     8
Dodge: Dodged            |    62 |    38 ||   100

Table legend: (Time is in decaauts)
 A = Elapsed time spent in this place.
 B = Non-inter-level travel time spent in this place.
 C = Inter-level travel time spent in this place.
 D = Time resting spent in this place.
 E = Time spent auto-exploring this place.
 F = Levels seen in this place.
 G = Mean time per level.
                   A        B        C        D        E       F      G
               +--------+--------+--------+--------+--------+-----+--------+
         Total |   3827 |   3659 |    168 |    647 |   2509 |   4 |  956.8 |
       Dungeon |   3827 |   3659 |    168 |    647 |   2509 |   4 |  956.8 |
               +--------+--------+--------+--------+--------+-----+--------+

Top non-repeatable levels by time:
     D:3: 1548 daAuts
     D:2: 1222 daAuts
     D:1: 830 daAuts
     D:4: 225 daAuts
